 Dungeon Crawl Stone Soup version 0.29.0-4-gdea44cf6ec (webtiles) character file.

Game seed: 15436711147847871472

10 qw the Vexing (level 2, 0/27 HPs)
             Began as an Ogre Enchanter on Sept 3, 2022.
             Slain by a jackal (1 damage)
             ... on level 1 of the Dungeon.
             The game lasted 00:00:20 (678 turns).

qw the Vexing (Ogre Enchanter)                       Turns: 678, Time: 00:00:20

Health: 0/27       AC:  3    Str: 11    XL:     2   Next: 20%
Magic:  5/5        EV:  9    Int: 16    God:
Gold:   32         SH:  0    Dex:  9    Spells: 5/5 levels left

rFire   . . .      SeeInvis .   a - +1 dagger
rCold   . . .      Faith    .   (no shield)
rNeg    . . .      Spirit   .   b - +0 robe
rPois   .          Reflect  .   (helmet restricted)
rElec   .          Harm     .   (no cloak)
rCorr   .          Rampage  .   (gloves unavailable)
Will    .....                   (boots unavailable)
Stlth   ++........              (no amulet)
HPRegen 0.09/turn               (no ring)
MPRegen 0.09/turn               (no ring)

@: no status effects
A: large, unfitting armour, tough skin 1
a: no special abilities


You were on level 1 of the Dungeon.
You visited 1 branch of the dungeon, and saw 1 of its levels.

You collected 32 gold pieces.


Innate Abilities, Weirdness & Mutations

You are too large for most types of armour.
You have tough skin. (AC +1)


   Skills:
 - Level 1.1 Fighting
 - Level 0.8 Short Blades
 + Level 1.4 Axes
 - Level 1.7 Dodging
 - Level 2.1 Stealth
 - Level 2.4 Spellcasting
 - Level 2.6 Hexes


You had 5 spell levels left.
You didn't know any spells.
Your spell library contained the following spells:

 Spells                   Type           Power      Damage    Failure   Level
 Ensorcelled Hibernation  Hex/Ice        12%        N/A       17%         2
 Confusing Touch          Hex            10%        N/A       21%         3
 Tukima's Dance           Hex            10%        N/A       21%         3
 Dazzling Flash           Conj/Hex       12%        N/A       34%         3

Inventory:

Hand Weapons
 a - a +1 dagger (weapon)
Missiles
 e - 3 boomerangs (quivered)
Armour
 b - a +0 robe (worn)
Scrolls
 d - a scroll of magic mapping {unknown}
Potions
 c - 2 potions of invisibility
 f - a potion of curing {unknown}

Dungeon Overview and Level Annotations

Branches:
Dungeon (1/15)

Altars:

Shops:
D:1 (


Message History

You hit the jackal.
You kill the jackal!
The jackal bites you but does no damage.
The jackal closely misses you.
You hit the hobgoblin but do no damage.
The jackal bites you but does no damage.
The hobgoblin hits you.
You hit the hobgoblin.
The hobgoblin is lightly wounded.
The jackal bites you but does no damage.
The hobgoblin barely misses you.
You hit the hobgoblin but do no damage.
The hobgoblin is lightly wounded.
The jackal bites you but does no damage.
The hobgoblin hits you. The jackal bites you.
You closely miss the hobgoblin.
The hobgoblin is lightly wounded.
The jackal bites you. The hobgoblin closely misses you.
You closely miss the hobgoblin.
The hobgoblin is lightly wounded.
The jackal barely misses you.
The hobgoblin hits you but does no damage.
The ball python bites you.
You hit the hobgoblin.
The hobgoblin is moderately wounded.
The jackal bites you but does no damage.
The ball python barely misses you. The jackal barely misses you.
You closely miss the hobgoblin.
The hobgoblin is moderately wounded.
The hobgoblin hits you but does no damage.
The jackal closely misses you. The ball python barely misses you.
You barely miss the hobgoblin.
The hobgoblin is moderately wounded.
The jackal barely misses you. The hobgoblin hits you.
The ball python bites you but does no damage.
You hit the hobgoblin.
The hobgoblin is severely wounded.
The jackal bites you. The hobgoblin hits you.
The ball python barely misses you. The jackal bites you.
You die...

#.# ## #.##..
#.##.#
######.##.#
#......##.#
#..~~..##.#
#..~}.....#
#..~~..#.S#####.#
#........@g......
#.##...##.h......
#.!..#.......##(#
####...####..#
..... ..# #.###.
..# .! .# .#


You could see a jackal, a hobgoblin and a ball python.

Vanquished Creatures
  2 endoplasms (D:1)
  A giant cockroach (D:1)
  2 jackals (D:1)
  A ball python (D:1)
  2 bats (D:1)
  A frilled lizard (D:1)
9 creatures vanquished.

Notes
Turn   | Place    | Note
-------+----------+-------------------------------------------
     0 | D:1      | qw the Ogre Enchanter began the quest for the Orb.
     0 | D:1      | Reached XP level 1. HP: 16/16 MP: 3/3
     0 | D:1      | 0 ||| qw: Version: 0.1-a-102-g441f92d
     0 | D:1      | 0 ||| qw: Game counter: 5124
     0 | D:1      | 0 ||| qw: Always use a shield: true
     0 | D:1      | 0 ||| qw: God list: Okawaru
     0 | D:1      | 0 ||| qw: Allow faded altars: false
     0 | D:1      | 0 ||| qw: Do Orc after D:15 true
     0 | D:1      | 0 ||| qw: Do second Lair branch before Depths: true
     0 | D:1      | 0 ||| qw: Lair rune preference: random
     0 | D:1      | 0 ||| qw: Plans: Normal
     0 | D:1      | 0 ||| PLANNING D:1-11
   334 | D:1      | Found Iqenkei's Antique Weapon Emporium.
   337 | D:1      | 337 ||| SHOPLISTING club (29 gold, have 0).
   337 | D:1      | 337 ||| SHOPLISTING rapier (116 gold, have 0).
   337 | D:1      | 337 ||| SHOPLISTING sapphire demon blade (580 gold, have
                  | 0).
   337 | D:1      | 337 ||| SHOPLISTING smoking war axe (246 gold, have 0).
   337 | D:1      | 337 ||| SHOPLISTING spear (87 gold, have 0).
   352 | D:1      | Reached skill level 1 in Axes
   449 | D:1      | Reached skill level 1 in Fighting
   486 | D:1      | Reached XP level 2. HP: 15/27 MP: 5/5
   677 | D:1      | HP: 6/27 [hobgoblin (2)]
   678 | D:1      | HP: 1/27 [hobgoblin (4)]
   678 | D:1      | Slain by a jackal

Levels and vault maps discovered:
D:1:      lightli_arrival_statue_moat, layout_loops_ring, serial_shops,
          nicolae_shop_behind_doors, hellmonk_ecumenical_altar_arch_garden,
          corexii_leaking_fountain, bh_walls_and_bars

Skill      XL: |  1 |
---------------+----+-----
Axes           | 1 |  1.4
Fighting       | 1 |  1.1
Short Blades   | |  0.8
Dodging        | |  1.7
Stealth        | |  2.1
Spellcasting   | |  2.4
Hexes          | |  2.6

Action                   || total
-------------------------++-------
Melee: Dagger            ||    51
Throw: Boomerang         ||     3
Armor: Robe              ||    22
Dodge: Dodged            ||    26

Table legend:
 A = Non-vault XP
 B = Vault XP
 C = Vault XP percentage of total XP
 D = Non-vault monster count
 E = Vault monster count
 F = Vault count percentage of total count
                 A         B        C        D         E       F
            +---------+---------+-------+---------+---------+-------
      Total |      15 |       0 |   0.0 |       9 |       0 |   0.0
            +---------+---------+-------+---------+---------+-------
        D:1 |      15 |       0 |   0.0 |       9 |       0 |   0.0
            +---------+---------+-------+---------+---------+-------
